AoeStats
← Jumbo2_22

Nomad

510164607Analyzed
4v4 RM · 4d ago on Sep 29, 2026· 42m 57s· 8 players
Game mode
Random Map
Map size
231×231
Population
200
Speed
Normal
Resources
Standard
Victory
Conquest
Starting age
Dark Age
Ending age
Imperial Age
RankedLock teamsTeams togetherTeam positionsShared explorationLock speedFull tech treeHidden civsTurbo modeCheats
Victory
Defeat
🇹🇷 Malians · Türkiye
1182
+14
🇨🇿 Danes · Czechia
1148
+15
🇩🇪 Bohemians · Germany
1137
+15
🇫🇷 Varangians · France
1088
+17
🇨🇭 Vietnamese · Switzerland
1201
-18
🇵🇪 Romans · Peru
1117
-15
🇦🇷 Spanish · Argentina
1106
-15
🇦🇷 Spanish · Argentina
1076
-13
Pu77h3md0wn
10:56 Loom
14:00 Feudal Age
18:33 Castle Age
16:57 Fletching
17:09 Padded Archer Armor
17:12 Fishing Lines
20:20 Bodkin Arrow
21:51 Ballistics
24:46 Leather Archer Armor
27:13 Chemistry
28:56 Wagenburg Tactics
32:14 Double-Bit Axe
Jumbo2_22
6:08 Loom
15:36 Feudal Age
19:53 Castle Age
18:32 Double-Bit Axe
18:29 Horse Collar
18:33 Fishing Lines
20:20 Forging
20:10 Scale Mail Armor
22:13 Heavy Plow
22:25 Bow Saw
23:12 Wheelbarrow
23:53 Gillnets
25:24 Medium Warships
25:22 Light Cavalry
27:19 Iron Casting
26:59 Chain Mail Armor
26:19 Man-at-Arms
26:45 Gambesons
27:26 Long Swordsman
28:06 Squires
30:02 Gold Mining
30:02 Stone Mining
31:05 Fletching
32:06 Hamask
35:30 Imperial Age
33:00 Arson
34:34 Ballistics
34:54 Elite Skirmisher
38:23 Padded Archer Armor
38:19 Bodkin Arrow
39:56 Bracer
40:11 Leather Archer Armor
41:05 Chemistry
alekxsx
11:51 Loom
13:37 Feudal Age
18:03 Castle Age
16:35 Horse Collar
18:26 Double-Bit Axe
19:11 Medium Warships
20:33 Bow Saw
22:11 Fletching
24:53 Wheelbarrow
26:55 Fishing Lines
27:50 Treadmill Crane
28:17 Gillnets
37:08 Imperial Age
35:20 Scale Mail Armor
35:30 Forging
35:57 Hand Cart
35:55 Town Watch
36:28 Chain Mail Armor
36:20 Murder Holes
36:26 Stone Mining
36:26 Gold Mining
36:28 Gambesons
37:32 Iron Casting
37:10 Squires
36:55 Arson
37:40 Masonry
37:33 Heavy Plow
38:44 Plate Mail Armor
38:16 Elite Varangian Guard
40:15 Conscription
41:57 Bodkin Arrow
41:55 Gothikon
42:47 Bracer
44:08 Blast Furnace
42:39 Elite Skirmisher
fcureklibatur
3:05 Loom
13:41 Feudal Age
14:54 Double-Bit Axe
15:10 Gold Mining
19:37 Castle Age
17:31 Stone Mining
22:57 Bow Saw
23:24 Stone Shaft Mining
23:26 Gold Shaft Mining
24:02 Forging
23:53 Scale Mail Armor
24:43 Squires
27:22 Fishing Lines
28:39 Wheelbarrow
28:42 Chain Mail Armor
30:48 Hand Cart
31:10 Iron Casting
36:44 Imperial Age
37:09 Elite Gbeto
37:53 Horse Collar
38:50 Plate Mail Armor
39:31 Conscription
40:24 Heavy Plow
JohnSalchichon
7:44 Loom
13:48 Feudal Age
17:17 Castle Age
15:20 Double-Bit Axe
15:42 Horse Collar
18:31 Bow Saw
20:34 Gold Mining
21:33 Sanctity
21:41 Stone Mining
23:07 Redemption
23:05 Husbandry
29:24 Fletching
32:16 Imperial Age
31:14 Inquisition
31:53 Bodkin Arrow
33:15 Block Printing
35:06 Conscription
36:06 Fervor
36:31 Illumination
36:52 Theocracy
40:51 Bloodlines
40:49 Elite Conquistador
LaPythieDeDelphes
4:57 Loom
14:40 Feudal Age
15:17 Double-Bit Axe
19:03 Castle Age
19:44 Forging
19:26 Fletching
19:29 Stone Mining
20:39 Bow Saw
20:53 Medium Warships
20:49 Gold Mining
20:42 Horse Collar
21:25 Town Watch
23:40 Wheelbarrow
24:23 Padded Archer Armor
26:47 Hand Cart
27:14 Heavy Plow
28:43 Ballistics
28:19 Murder Holes
29:02 Bodkin Arrow
37:04 Imperial Age
34:50 Masonry
39:11 Chemistry
38:23 Bracer
38:59 Paper Money
39:26 Leather Archer Armor
39:14 Elite Rattan Archer
41:02 Ring Archer Armor
41:33 Chemistry
40:23 Capped Ram
eloydordolo87
10:08 Loom
14:59 Feudal Age
19:01 Castle Age
22:10 Double-Bit Axe
24:47 Scale Barding Armor
33:08 Bow Saw
33:53 Husbandry
35:07 Bloodlines
39:36 Wheelbarrow
39:02 Horse Collar
40:44 Forging
41:40 Chain Barding Armor
43:13 Iron Casting
[PVS] SpartacoUsd
4:54 Loom
17:00 Feudal Age
24:37 Double-Bit Axe
33:01 Castle Age
34:34 Fishing Lines
Connection lost

Rejoining the realm…

Still unreachable

The connection could not be restored.

Session expired

The server has moved on; the page needs a fresh start.